 Dungeon Crawl Stone Soup version 0.20-a0-1017-gc3250ce (webtiles) character file.

18 4thArraOfDagon the Firebug (level 2, -6/19 HPs)
             Began as a Barachi Fire Elementalist on Apr 16, 2017.
             Mangled by a scorpion (7 damage)
             ... on level 5 of the Dungeon.
             The game lasted 00:01:57 (450 turns).

4thArraOfDagon the Firebug (BaFE)                    Turns: 450, Time: 00:01:58

Health: -6/19      AC:  2    Str: 13    XL:     2   Next: 70%
Magic:  4/5        EV: 12    Int: 15    God:
Gold:   24         SH:  0    Dex: 12    Spells: 4/5 levels left

rFire    . . .     SeeInvis .   g - +0 dagger
rCold    . . .     Gourm    .   (no shield)
rNeg     . . .     Faith    .   a - +0 robe
rPois    .         Spirit   .   (no helmet)
rElec    .         Reflect  .   (no cloak)
rCorr    .         Harm     .   (no gloves)
MR       .....                  (no boots)
Stlth    ++........             (no amulet)
Regen    0.1/turn               j - +4 ring of strength
MPRegen  0.1/turn               (no ring)

@: can't hop, very slightly contaminated, slow
A: +LOS, swims, slowness 1, strong legs 1
a: Hop


You were on level 5 of the Dungeon.
You were not hungry.

You visited 1 branch of the dungeon, and saw 5 of its levels.

You collected 24 gold pieces.

Inventory:

Hand Weapons
 g - a +0 dagger (weapon)
Armour
 a - a +0 robe (worn)
Jewellery
 j - a +4 ring of strength (left hand)
Scrolls
 d - 2 scrolls of identify {unknown}
 k - a scroll of magic mapping {unknown}
Potions
 e - a potion of flight {unknown}
Books
 b - a book of Flames

   Spells                             Type                      Level
   a - Flame Tongue                   Conjuration/Fire             1
   b - Throw Flame                    Conjuration/Fire             2
   c - Conjure Flame                  Conjuration/Fire             3
   d - Inner Flame                    Hexes/Fire                   3
   e - Sticky Flame                   Conjuration/Fire             4
   f - Fireball                       Conjuration/Fire             5
Comestibles
 c - a bread ration
 h - 4 fruits


   Skills:
 - Level 2.1 Dodging
 - Level 1.7 Stealth
 + Level 2.3 Spellcasting
 * Level 1.7 Conjurations
 * Level 4.0 Fire Magic


You had 4 spell levels left.
You knew the following spells:

 Your Spells              Type           Power        Failure   Level  Hunger
a - Flame Tongue          Conj/Fire      ##...        10%         1    #......


Dungeon Overview and Level Annotations

Branches:
Dungeon (5/15)
 Temple: D:4-7

Altars:


Innate Abilities, Weirdness & Mutations

Shadows flee at your approach. (+LOS)
You can swim through water.
You cover ground slowly.
You can hop short distances.


Message History

Unknown command.
Unknown command.
Unknown command.
Unknown command.
There is a stone staircase leading down here.
Unknown command.
The orc closely misses you.
You climb downwards.
Found 10 gold pieces.
There is a stone staircase leading up here.
Unknown command.
Unknown command.
As you open the door, it creaks loudly! The scorpion stings you!
* * * LOW HITPOINT WARNING * * *
The orc hits you but does no damage.
Unknown command.
Unknown command.
The scorpion stings you!
You die...

## ### ..
#..###. #..#..
#....# .#
#.#..#'#+#....#
#...$@s...#
##....o...#
#........+
#........#
#........#
#........#
#........#
#........#
.........#


You could see a scorpion and an orc.

Vanquished Creatures
  An ooze (D:1)
  A dart slug (D:1)
  A bat (D:1)
  A giant cockroach (D:1)
  3 goblins
  A hobgoblin (D:1)
  2 ball pythons (D:1)
  A frilled lizard (D:3)
  A kobold (D:1)
  A fungus (D:1)
13 creatures vanquished.

Notes
Turn   | Place    | Note
-------+----------+-------------------------------------------
     0 | D:1      | 4thArraOfDagon the Barachi Fire Elementalist began the quest for the Orb.
     0 | D:1      | Reached XP level 1. HP: 13/13 MP: 3/3
   276 | D:1      | Reached XP level 2. HP: 6/19 MP: 0/5
   365 | D:3      | Reached skill level 4 in Fire Magic
   381 | D:4      | Noticed a scorpion
   427 | D:4      | Noticed a scorpion
   448 | D:5      | Entered Level 5 of the Dungeon
   450 | D:5      | Mangled by a scorpion

Vault maps used:
D:1:      dpeg_cavernosity, minmay_tetromino_o2
D:2:      nicolae_overflow_crystal_walls, evilmike_ruin_ashenzari, first_bread,
          hangedman_abyss_or_decor_lesser_grid, minmay_cupped
D:3:      led_sif_pool, minitemple
D:4:      old_standard_altar, minmay_temple_entry_butterflies,
          serial_bayou_crossing
D:5:      serial_shops, kennysheep_mini_moat, nicolae_tso_carved_into_rock

Skill      XL: |  1  2 |
---------------+-------+-----
Fire Magic     | 4 |  4.0
Dodging        | |  2.1
Stealth        | |  1.7
Spellcasting   | |  2.3
Conjurations   | |  1.7

Action                   || total
-------------------------++-------
Melee: Unarmed           ||    51
       Dagger            ||    34
 Cast: Flame Tongue      ||    18
 Abil: Hop               ||     2
  Use: Scroll            ||     2
       Potion            ||     1
 Stab: Sleeping          ||     1
Armor: Robe              ||    13
Dodge: Dodged            ||    44
